 Dungeon Sprint DCSS version 0.16-a0-3841-g2612308 (console) character file.

308 Monkaria the Cleaver (level 6, -5/96 HPs)
             Began as a Hill Orc Fighter on Jan 30, 2015.
             Was a Priest of Makhleb.
             Killed from afar by a molten gargoyle (36 damage)
             ... with a bolt of magma
             ... in the Dungeon (Sprint VII: "The Pits").
             The game lasted 00:01:56 (322 turns).

Monkaria the Cleaver (Hill Orc Fighter)              Turns: 322, Time: 00:01:57

Health: -5/96      AC: 10    Str: 26    XL:     6   Next: 40%
Magic:  6/6        EV:  7    Int:  8    God:    Makhleb [***...]
Gold:   0          SH: 10    Dex: 10    Spells: 0 memorised, 5 levels left

rFire  . . .     SeeInvis .     a - +0 war axe
rCold  . . .     Clarity  .     s - +3 scale mail
rNeg   . . .     SustAb   .     c - +0 shield
rPois  .         Gourm    .     (no helmet)
rElec  .         Spirit   .     (no cloak)
rCorr  .         Warding  .     (no gloves)
rMut   .         NoTele   +     (no boots)
MR     .....                    (no amulet)
Stlth  ..........               (no ring)
                                (no ring)

@: berserking, weakened, very quick, not resistant to hostile enchantments,
extremely unstealthy
A: no striking features
a: Minor Destruction, Lesser Servant of Makhleb, Renounce Religion


You were in the Dungeon.
You worshipped Makhleb.
Makhleb was most pleased with you.
You were not hungry.

You visited 1 branch

Inventory:

Hand weapons
 a - a +0 war axe (weapon)
Armour
 c - a +0 shield (worn)
 s - a +3 scale mail (worn)
Scrolls
 k - a scroll of blinking
 o - 3 scrolls of remove curse
 p - 5 scrolls of amnesia
 q - a scroll of summoning
 r - 2 scrolls of vulnerability
Potions
 e - a potion of might
 f - 5 potions of curing
 g - 5 potions of heal wounds
 h - a potion of haste
 i - 4 potions of magic
 j - 2 potions of berserk rage
 n - 2 potions of invisibility
Comestibles
 d - 8 meat rations
 l - 40 fruits
 m - 7 bread rations


   Skills:
 + Level 9.5 Fighting
 * Level 13.2 Axes
 - Level 4.0 Armour
 - Level 3.7 Shields


You had 5 spell levels left.
You didn't know any spells.

Dungeon Overview and Level Annotations

Branches:
Dungeon (1/1)

Altars:
Ashenzari
Cheibriados
Dithmenos
Elyvilon
Fedhas
Gozag
Kikubaaqudgha
Makhleb
Nemelex Xobeh
Okawaru
Qazlal
Ru
Sif Muna
Trog
Vehumet
Xom
Yredelemnul
Zin
The Shining One
Beogh
Jiyva
Lugonu


Message History

You have reached level 4!
You have reached level 5!
You feel stronger.
You have reached level 6!
Your experience leads to an increase in your attributes!
Increase (S)trength, (I)ntelligence, or (D)exterity?
You feel stronger.
You completely miss the molten gargoyle.
The molten gargoyle hits you with a mace of protection!
You are engulfed in flames!
Drink which item? (? for menu, Esc to quit)
A red film seems to cover your vision as you go berserk!
You feel yourself moving faster!
You feel mighty!
The molten gargoyle hits you with a mace of protection!
You are engulfed in flames!
You closely miss the molten gargoyle.
You hit the molten gargoyle but do no damage.
The molten gargoyle blasts magma at you!
The bolt of magma hits you!
You die...

.#####'##############++######
_#)))'.'..##................#
_#)))#.#.(##......#..#......#
######'#####................+
..........÷'................+
+#####'#####......#..#......#
#...#.#[[##.....g.49.......#
#...#.#))#####9#####''######
#...'.#))##....@..##''#
##'####))##.......##9...
#...†.#..##.......##...##
#.....#'###...<...##..##
#........##.......##..#
#........##.......##..+
###########.......##.##
#########


You could see a molten gargoyle.

Vanquished Creatures
  An orange demon (D)
  A worker ant (D)
  An adder (D)
  An ufetubus (D)
  An adder skeleton (D)
  An ooze (D)
  2 hobgoblins (D)
  A kobold (D)
  A quokka (D)
  A ball python zombie (D)
11 creatures vanquished.

Notes
Turn   | Place    | Note
--------------------------------------------------------------
     0 | D        | Monkaria, the Hill Orc Fighter, began the quest for the Orb.
     0 | D        | Reached XP level 1. HP: 19/19 MP: 1/1
    53 | D        | Found a sacrificial altar of Ru.
    53 | D        | Found a basalt altar of Yredelemnul.
    53 | D        | Found a glowing golden altar of the Shining One.
    53 | D        | Found a deep blue altar of Sif Muna.
    53 | D        | Found a burning altar of Makhleb.
    53 | D        | Found an ancient bone altar of Kikubaaqudgha.
    53 | D        | Found a glowing silver altar of Zin.
    54 | D        | Found a shadowy altar of Dithmenos.
    54 | D        | Found a bloodstained altar of Trog.
    54 | D        | Found a shattered altar of Ashenzari.
    54 | D        | Found a white marble altar of Elyvilon.
    54 | D        | Found a snail-covered altar of Cheibriados.
    54 | D        | Found a blossoming altar of Fedhas.
    54 | D        | Found a radiant altar of Vehumet.
    54 | D        | Found a shimmering altar of Xom.
    54 | D        | Found a sparkling altar of Nemelex Xobeh.
    54 | D        | Found a corrupted altar of Lugonu.
    54 | D        | Found a viscous altar of Jiyva.
    54 | D        | Found a roughly hewn altar of Beogh.
    54 | D        | Found an iron altar of Okawaru.
    57 | D        | Became a worshipper of Makhleb the Destroyer
    62 | D        | Found a stormy altar of Qazlal.
    63 | D        | Found an opulent altar of Gozag.
    80 | D        | Acquired Makhleb's first power
    80 | D        | Reached skill level 4 in Armour
   137 | D        | Reached XP level 2. HP: 25/28 MP: 2/2
   140 | D        | Noticed a worker ant
   144 | D        | Killed a worker ant
   144 | D        | Acquired Makhleb's second power
   144 | D        | Reached skill level 5 in Fighting
   144 | D        | Reached skill level 6 in Axes
   144 | D        | Reached XP level 3. HP: 31/36 MP: 3/3
   147 | D        | Reached skill level 7 in Axes
   157 | D        | Acquired Makhleb's third power
   291 | D        | Noticed a molten gargoyle
   296 | D        | Noticed an orange demon
   314 | D        | HP: 1/37 [orange demon (4)]
   318 | D        | Killed an orange demon
   318 | D        | Reached skill level 9 in Fighting
   318 | D        | Reached skill level 13 in Axes
   318 | D        | Reached XP level 4. HP: 42/50 MP: 4/4
   318 | D        | Reached XP level 5. HP: 47/57 MP: 5/5
   318 | D        | Reached XP level 6. HP: 52/64 MP: 6/6
   322 | D        | Killed from afar by a molten gargoyle

Action                   |  1- 3 |  4- 6 || total
-------------------------+-------+-------++-------
Melee: War axe           |    47 |     3 ||    50
  Use: Potion            |     2 |     1 ||     3
